 Dungeon Crawl Stone Soup version 0.22-a0-166-g5351223 (webtiles) character file.

4538 tilp the Spear-Bearer (level 10, -5/60 HPs)
             Began as a Merfolk Ice Elementalist on Feb 13, 2018.
             Was a Believer of Makhleb.
             Slain by an orc warrior
             ... wielding a +0 scimitar
              (6 damage)
             ... on level 10 of the Dungeon.
             The game lasted 00:31:06 (10763 turns).

tilp the Spear-Bearer (Merfolk Ice Elementalist)   Turns: 10763, Time: 00:31:08

Health: -5/60      AC: 13    Str: 13    XL:     10   Next: 40%
Magic:  6/13       EV: 14    Int: 17    God:    Makhleb [**....]
Gold:   686        SH:  0    Dex: 14    Spells: 1/13 levels left

rFire    + + .     SeeInvis .   x - +1 trident (venom)
rCold    . . .     Gourm    .   (no shield)
rNeg     . . .     Faith    +   y - +1 animal skin
rPois    .         Spirit   .   L - +2 hat
rElec    .         Reflect  .   (no cloak)
rCorr    .         Harm     .   B - +0 pair of gloves
MR       .....                  o - +0 pair of boots
Stlth    +++.......             D - amulet of faith
HPRegen  0.60/turn              h - +3 ring of strength
MPRegen  0.13/turn              n - ring of protection from fire

@: lethally poisoned (-5 -> -6), icy armour, slow
A: change form in water, swift swim, stealthy swim, blink, fire resistance 1,
frail 1, regeneration 1
a: Blink, Minor Destruction, Renounce Religion


You were on level 10 of the Dungeon.
You worshipped Makhleb.
Makhleb was pleased with you.
You were hungry.

You visited 2 branches of the dungeon, and saw 11 of its levels.

You collected 686 gold pieces.

Inventory:

Hand Weapons
 w - a +1 trident of freezing
 x - a +1 trident of venom (weapon)
Missiles
 k - 9 tomahawks (quivered)
Armour
 o - a +0 pair of boots (worn)
 y - a +1 animal skin (worn)
 B - a +0 pair of gloves (worn)
 L - a +2 hat (worn)
Magical Staves
 g - an uncursed staff of energy {unknown}
 E - an uncursed staff of conjuration
Jewellery
 h - a +3 ring of strength (left hand)
 n - a ring of protection from fire (right hand)
 C - an uncursed ring of stealth {unknown}
 D - an amulet of faith (around neck)
 H - an uncursed amulet of the gourmand
Wands
 d - a wand of digging (11)
 e - a wand of iceblast (11)
 s - a wand of scattershot (7)
 v - a wand of polymorph (27)
 z - a wand of disintegration (2)
 K - a wand of acid (9)
Scrolls
 f - 4 scrolls of remove curse
 j - 2 scrolls of teleportation {unknown}
 l - 4 scrolls of enchant weapon
 m - a scroll of immolation
 p - 2 scrolls of fear
 q - 2 scrolls of enchant armour {unknown}
 r - a scroll of torment {unknown}
 u - 3 scrolls of magic mapping
 A - 2 scrolls of amnesia {unknown}
 F - 3 scrolls of fog {unknown}
 G - 5 scrolls of blinking
Potions
 a - 2 potions of curing
 i - 2 potions of haste
 t - 2 potions of mutation
 I - 2 potions of brilliance
Books
 b - a book of Frost

   Spells                             Type                      Level
   a - Freeze                         Ice                          1
   b - Throw Frost                    Conjuration/Ice              2
   c - Ozocubu's Armour               Charms/Ice                   3
   d - Throw Icicle                   Conjuration/Ice              4
   e - Summon Ice Beast               Ice/Summoning                4
 J - a book of Battle

   Spells                             Type                      Level
   a - Infusion                       Charms                       1
   b - Shroud of Golubria             Charms/Translocation         2
   c - Song of Slaying                Charms                       2
   d - Spectral Weapon                Hexes/Charms                 3
   e - Regeneration                   Charms/Necromancy            3
Comestibles
 c - 21 rations


   Skills:
 - Level 2.0 Fighting
 - Level 14.2 Polearms
 - Level 4.1 Dodging
 - Level 4.2 Stealth
 - Level 2.0 Spellcasting
 - Level 0.7 Conjurations
 + Level 5.5 Charms
 - Level 8.0 Ice Magic
 - Level 4.0 Evocations


You had one spell level left.
You knew the following spells:

 Your Spells              Type           Power        Failure   Level  Hunger
a - Freeze                Ice            ####         1%          1    #......
b - Throw Frost           Conj/Ice       ###...       4%          2    ###....
c - Ozocubu's Armour      Chrm/Ice       ###.....     3%          3    ###....
d - Regeneration          Chrm/Necr      ##........   19%         3    ###....
e - Spectral Weapon       Hex/Chrm       ##......     19%         3    ###....


Dungeon Overview and Level Annotations

Branches:
Dungeon (10/15)            Temple (1/1) D:7
   Lair: D:8-11         Orc: D:9-12

Altars:
Ashenzari
Cheibriados
Dithmenos
Elyvilon
Fedhas
Gozag
Hepliaklqana
Kikubaaqudgha
Makhleb
Nemelex Xobeh
Okawaru
Qazlal
Ru
Sif Muna
Trog
Uskayaw
Vehumet
Wu Jian
Xom
Yredelemnul
Zin
The Shining One

Annotations:
D:5 exclusions: ogre and sky beast
D:6 Dowan, Duvessa
D:10 Gorice's ghost, journeyman MiFi


Innate Abilities, Weirdness & Mutations

You revert to your normal form in water.
You are very nimble and swift while swimming.
You are very stealthy in the water. (Stealth+)
You can translocate small distances at will.
Your flesh is heat resistant. (rF+)
You are frail. (-10% HP)
Your natural rate of healing is unusually fast.


Message History

* * * LOW HITPOINT WARNING * * *
Casting: Freeze (safe; 1% risk of failure)
Confirm with . or Enter, or press ? or * to list all spells.
Aiming: Freeze (safe; 1% risk of failure)
Press: ? - help, Shift-Dir - straight line, f/p - orc warrior
Aim: an orc warrior, wielding a short sword of venom and wearing a chain mail (heavily wounded)
You freeze the orc warrior.
The orc warrior is severely wounded.
You are feeling hungry.
The orc warrior hits you with a short sword of venom.
* * * LOW HITPOINT WARNING * * *
You are poisoned.
An orc warrior comes into view. It is wielding a scimitar.
You blink.
You feel slightly more hungry.
An orc priest comes into view. It is wielding a club.
* * * LOW HITPOINT WARNING * * *
You feel sick.
The orc priest shouts!
The orc warrior hits you with a scimitar.
You die...

#......#.##......#..#
#.....#...##...####.
#................ .#
#.................
#.............##.##
#.............##..
######..........#
#.o............#
######.o@..........#
#.§ooooooo....o....# 8##
#.###..o..........##...#.
#.# #o..............oo§o.
#.# #....................
#.# #.....#.......#......
##.###.....#.......##...#.
#..........#........##8##
############........# ##


You could see 3 orc warriors, an orc priest, an orc wizard and 7 orcs.

Vanquished Creatures
  The ghost of tilp the Frost Mage, a novice MfIE of Makhleb (D:5)
  2 hippogriffs
  Prince Ribbit (D:7)
  5 yaks (D:10)
  A steam dragon (D:7)
  2 sky beasts
  A necrophage (D:8)
  2 black bears
  An ice beast (D:8)
  An ogre (D:7)
  2 centaurs
  A big kobold (D:10)
  3 bullfrogs
  A water moccasin zombie (D:9)
  5 scorpions
  3 howler monkeys
  2 crimson imps
  A centaur zombie (D:8)
  A quasit (D:9)
  6 hounds
  6 orc priests
  A centaur skeleton (D:4)
  4 jellies
  3 bullfrog skeletons
  2 iguanas
  Terence (D:2)
  8 orc wizards
  A worker ant (D:4)
  2 hound skeletons (D:4)
  Robin (D:4)
  8 gnolls
  10 adders
  An ooze (D:3)
  3 adder zombies
  An adder skeleton (D:6)
  3 worms
  A dart slug (D:2)
  3 leopard geckos
  45 orcs
  8 giant cockroaches
  16 goblins
  8 hobgoblins
  12 jackals
  9 kobolds
  A quokka (D:9)
  2 ball pythons
  14 bats
  2 frilled lizards (D:1)
  A jackal skeleton (D:8)
  A leopard gecko zombie (D:8)
  2 quokka skeletons (D:6)
  8 rats
  A fungus (D:1)
231 creatures vanquished.

Vanquished Creatures (others)
  A scorpion (D:4)
  An orc priest (D:4)
  A hound (D:4)
  A worker ant (D:4)
  A gnoll (D:4)
  An adder skeleton (D:4)
  A worm (D:4)
  A leopard gecko (D:4)
  2 orcs (D:4)
  A ball python skeleton (D:4)
  A frilled lizard (D:4)
12 creatures vanquished.

Grand Total: 243 creatures vanquished

Notes
Turn   | Place    | Note
-------+----------+-------------------------------------------
     0 | D:1      | tilp the Merfolk Ice Elementalist began the quest for the Orb.
     0 | D:1      | Reached XP level 1. HP: 13/13 MP: 3/3
   393 | D:1      | Reached XP level 2. HP: 19/19 MP: 0/5
   397 | D:1      | Learned a level 2 spell: Throw Frost
  1433 | D:1      | Reached XP level 3. HP: 24/24 MP: 6/6
  1438 | D:1      | Learned a level 3 spell: Ozocubu's Armour
  2026 | D:2      | Noticed Terence
  2312 | D:2      | Reached skill level 5 in Ice Magic
  2447 | D:2      | Reached XP level 4. HP: 19/30 MP: 4/7
  3086 | D:2      | Killed Terence
  3086 | D:2      | Reached XP level 5. HP: 24/35 MP: 0/8
  3427 | D:3      | Found a blossoming altar of Fedhas.
  4681 | D:4      | Reached XP level 6. HP: 32/41 MP: 2/9
  4834 | D:4      | Found a shimmering altar of Xom.
  5221 | D:4      | Reached skill level 1 in Fighting
  5223 | D:4      | Gained mutation: You are partially covered in molten scales. (AC +2) [potion of mutation]
  5223 | D:4      | Gained mutation: You can translocate small distances at will. [potion of mutation]
  5223 | D:4      | Gained mutation: Scrolls take you a little longer to read. [potion of mutation]
  5223 | D:4      | Gained mutation: Your natural rate of healing is unusually fast. [potion of mutation]
  5393 | D:4      | Noticed Robin
  5422 | D:4      | Reached XP level 7. HP: 41/50 MP: 4/10
  5430 | D:4      | Killed Robin
  5877 | D:5      | Entered Level 5 of the Dungeon
  6004 | D:5      | Noticed tilp's ghost (novice MfIE)
  6128 | D:4      | Reached skill level 1 in Polearms
  6227 | D:5      | Killed tilp's ghost
  6227 | D:5      | Reached skill level 6 in Polearms
  6359 | D:4      | Reached XP level 8. HP: 44/56 MP: 5/11
  6363 | D:4      | Reached skill level 7 in Polearms
  6494 | D:5      | Reached skill level 8 in Polearms
  6543 | D:5      | Noticed a hippogriff
  6553 | D:5      | Killed a hippogriff
  6553 | D:5      | Reached skill level 9 in Polearms
  6804 | D:5      | Reached skill level 10 in Polearms
  6921 | D:6      | Reached skill level 1 in Charms
  7292 | D:6      | Noticed Dowan
  7501 | D:6      | Reached skill level 1 in Evocations
  7501 | D:6      | Reached XP level 9. HP: 55/61 MP: 6/12
  7577 | D:6      | Noticed Duvessa
  7948 | D:7      | Found a staircase to the Ecumenical Temple.
  7957 | Temple   | Entered the Ecumenical Temple
  8012 | Temple   | Became a worshipper of Makhleb the Destroyer
  8094 | D:7      | Noticed Prince Ribbit
  8110 | D:7      | Killed Prince Ribbit
  8110 | D:7      | Reached skill level 11 in Polearms
  8234 | D:7      | Found an opulent altar of Gozag.
  8234 | D:7      | Found a white marble altar of Elyvilon.
  8234 | D:7      | Found a snail-covered altar of Cheibriados.
  8234 | D:7      | Found an iron altar of Okawaru.
  8235 | D:7      | Found a glowing silver altar of Zin.
  8237 | D:7      | Found a bloodstained altar of Trog.
  8792 | D:8      | Lost mutation: You are partially covered in molten scales. (AC +2) [potion of mutation]
  8792 | D:8      | Lost mutation: Scrolls take you a little longer to read. [potion of mutation]
  8792 | D:8      | Gained mutation: You are frail. (-10% HP) [potion of mutation]
  8792 | D:8      | Gained mutation: Your flesh is heat resistant. (rF+) [potion of mutation]
  8837 | D:8      | Reached skill level 12 in Polearms
  8839 | D:8      | Reached * piety under Makhleb
  9155 | D:8      | Reached skill level 13 in Polearms
  9548 | D:9      | Reached ** piety under Makhleb
  9586 | D:9      | Learned a level 3 spell: Regeneration
  9591 | D:9      | Learned a level 3 spell: Spectral Weapon
  9703 | D:9      | Reached XP level 10. HP: 59/59 MP: 13/13
 10064 | D:9      | Found a blossoming altar of Fedhas.
 10064 | D:9      | Found a basalt altar of Yredelemnul.
 10130 | D:10     | Entered Level 10 of the Dungeon
 10162 | D:10     | Noticed Gorice's ghost (journeyman MiFi)
 10260 | D:10     | Reached skill level 14 in Polearms
 10384 | D:10     | Reached skill level 5 in Charms
 10763 | D:10     | HP: 1/60 [poisoned by an orc warrior]
 10763 | D:10     | Slain by an orc warrior

Vault maps used:
D:1:      minmay_arrival_widening_spiral_narrow, minmay_gold_behind_fungi
D:2:      uniq_terence
D:3:      first_ration, minmay_misc_feat_nine_boxes, fedhas_altar_3
D:4:      xom_confusion_cloud, uniq_robin
D:5:      grunt_decor_mini_mirrors
D:6:      old_forge, uniq_duvessa
D:7:      grunt_temple_overflow_open, minmay_temple_entry_junction,
          grunt_ogre_cave, uniq_prince_ribbit1
D:9:      gammafunk_temple_overflow_wave
D:10:     david_orc_4, serial_shops, kennysheep_mini, lemuel_flamethrower_hall
Temple:   nicolae_temple_god_jail

Skill      XL: |  1  2  3  4  5  6  7  8  9 10 |
---------------+-------------------------------+-----
Ice Magic      | 4 5 6 7 8 |  8.0
Fighting       | 2 |  2.0
Dodging        | 4 |  4.1
Polearms       | 6 10 13 14 | 14.2
Charms         | 2 5 |  5.5
Stealth        | 4 |  4.2
Evocations     | 1 4 |  4.0
Spellcasting   | |  2.0
Conjurations   | |  0.7

Action                   |  1- 3 |  4- 6 |  7- 9 | 10-12 || total
-------------------------+-------+-------+-------+-------++-------
Melee: Mace              |    75 |    51 |       |       ||   126
       Dagger            |       |    30 |       |       ||    30
       Trident           |       |    43 |   332 |   128 ||   503
Throw: Stone             |     3 |     3 |       |       ||     6
       Tomahawk          |       |    12 |       |       ||    12
 Cast: Freeze            |    38 |    74 |    72 |     9 ||   193
       Ozocubu's Armour  |     1 |    12 |    23 |     6 ||    42
       Throw Frost       |       |     5 |     8 |       ||    13
Invok: Minor Destruction |       |       |       |     1 ||     1
 Abil: Blink             |       |     1 |       |     1 ||     2
Evoke: Wand              |       |       |     1 |       ||     1
  Use: Scroll            |     1 |     5 |     4 |     1 ||    11
       Potion            |       |     4 |     3 |     1 ||     8
 Stab: Sleeping          |     4 |     1 |     4 |     3 ||    12
       Distracted        |       |       |       |     1 ||     1
  Eat: Chunk             |     6 |    12 |    24 |     4 ||    46
       Ration            |       |       |     1 |       ||     1
Armor: Robe              |    24 |    44 |     2 |       ||    70
       Animal skin       |       |       |    87 |    37 ||   124
Dodge: Dodged            |    78 |   144 |   192 |    62 ||   476

Table legend:
 A = Spawn XP
 B = Non-spawn XP
 C = Spawn XP percentage of total XP
 D = Spawn monster count
 E = Non-spawn monster count
 F = Spawn count percentage of total count
 G = Total turns spent on level
                    A         B        C        D         E        F      G
               +---------+---------+-------+---------+---------+-------+---------
         Total |       0 |    6483 |   0.0 |       0 |     230 |   0.0 | 10763
               +---------+---------+-------+---------+---------+-------+---------
           D:1 |       0 |      34 |   0.0 |       0 |      24 |   0.0 |  1774
           D:2 |       0 |     151 |   0.0 |       0 |      29 |   0.0 |  1559
           D:3 |       0 |     129 |   0.0 |       0 |      24 |   0.0 |  1280
           D:4 |       0 |     631 |   0.0 |       0 |      34 |   0.0 |  1485
           D:5 |       0 |    1005 |   0.0 |       0 |      20 |   0.0 |   799
           D:6 |       0 |     508 |   0.0 |       0 |      17 |   0.0 |   742
           D:7 |       0 |    1018 |   0.0 |       0 |      15 |   0.0 |   918
           D:8 |       0 |    1123 |   0.0 |       0 |      38 |   0.0 |   812
           D:9 |       0 |     255 |   0.0 |       0 |      13 |   0.0 |   771
          D:10 |       0 |    1629 |   0.0 |       0 |      16 |   0.0 |   557
               +---------+---------+-------+---------+---------+-------+---------
